 Dungeon Crawl Stone Soup version bcrawl-1.27.8b (webtiles) character file.

Game seed: 16876637194739144750

237765 MisterOstroum the Spear-Bearer (level 9, 0/71 HPs)
             Began as a Merfolk Wanderer on Nov 12, 2020.
             Was a Follower of Sif Muna.
             Succumbed to a water moccasin's poison
             ... on level 7 of the Dungeon.
             The game lasted 00:15:29 (7657 turns).

MisterOstroum the Spear-Bearer (Merfolk Wanderer)   Turns: 7657, Time: 00:15:30

Health: 0/71       AC:  8    Str: 11    XL:     9   Next: 61%
Magic:  12/12      EV: 13    Int: 15    God:    Sif Muna [*.....]
Gold:   271        SH:  0    Dex: 14    Spells: 6/8 levels left

rFire    . . .     SeeInvis +   c - +1 dagger (elec)
rCold    . . .     Gourm    .   (no shield)
rNeg     . . .     Faith    .   m - +0 ring mail
rPois    .         Spirit   .   B - +0 helmet
rElec    .         Reflect  .   (no cloak)
rCorr    .         Harm     .   k - +0 pair of gloves
MR       .....                  r - +0 pair of boots
Stlth    ++........             (no amulet)
HPRegen  0.21/turn              J - ring of see invisible
MPRegen  0.13/turn              (no ring)

@: lethally poisoned (0 -> -35), divine energy
A: change form in water, swift swim, stealthy swim
a: Stop Divine Energy, Renounce Religion


You were on level 7 of the Dungeon.
You worshipped Sif Muna.
Sif Muna was aware of your devotion.
You were not hungry.

You visited 1 branch of the dungeon, and saw 7 of its levels.

You collected 361 gold pieces.
You spent 90 gold pieces at shops.

Inventory:

Hand Weapons
 a - a +0 halberd
 b - a +0 hunting sling
 c - a +1 dagger of electrocution (weapon)
 w - a +0 short sword
 E - a +0 spear
Missiles
 g - 148 poisoned needles
 o - 618 stones (quivered)
 p - 1507 arrows
 u - 496 sling bullets
 v - 322 bolts
 I - a throwing net {=f!f}
Armour
 d - a +0 robe
 k - a +0 pair of gloves (worn)
 m - a +0 ring mail (worn)
 r - a +0 pair of boots (worn)
 y - a +0 leather armour
 B - a +0 helmet (worn)
 F - a +0 large shield
 M - a +0 plate armour
Jewellery
 J - a ring of see invisible (left hand)
Wands
 f - a wand of flame (8)
 z - a wand of polymorph (11)
 K - a wand of random effects (6)
Scrolls
 h - 3 scrolls of enchant armour
 i - a scroll of enchant weapon
 l - 3 scrolls of magic mapping {@r5 !r}
 n - 7 scrolls of teleportation {@r3 !r}
 t - 3 scrolls of remove curse {@r2}
 D - 2 scrolls of amnesia
 G - 2 scrolls of blinking {@r4}
 O - 2 scrolls of identify {@r1}
Potions
 j - 2 potions of flight
 q - 3 potions of magic
 s - a potion of heal wounds {@q2 !q}
 A - 2 potions of curing {@q1 !q}
 C - a potion of berserk rage
 H - a potion of degeneration {unknown}
 L - 2 potions of might {@q3 !q}
 N - a potion of cancellation {unknown}
Comestibles
 e - 6 rations {!d}
 x - 4 chunks of flesh


   Skills:
 + Level 6.6 Fighting
 - Level 3.4 Short Blades
 * Level 11.5 Polearms
 - Level 1.0 Throwing
 + Level 6.7 Dodging
 - Level 5.0 Stealth
 - Level 0.6 Translocations
 + Level 4.9 Evocations


You had 6 spell levels left.
You knew the following spells:

 Your Spells              Type           Power        Failure   Level  Hunger
a - Blink                 Tloc           N/A          61%         2    ####...

Your spell library contained the following spells:

 Spells                   Type           Power        Failure   Level  Hunger
 Apportation              Tloc           #.....       45%         1    None
 Blink Other              Tloc           #.....       45%         1    None
 Portal Projectile        Tloc           #.....       83%         3    #####..
 Teleport Other           Tloc           #.......     83%         3    #####..
 Passage of Golubria      Tloc           N/A          100%        5    #######


Dungeon Overview and Level Annotations

Branches:
Dungeon (7/12)             Temple (0/1) D:5
   Lair: D:7-9

Altars:
Lugonu
Sif Muna
Xom

Shops:
D:5 *

Annotations:
D:3 2 transporters, dscm's ghost, weakling GrGl
D:6 1 runed translucent door, dscm's ghost, novice OpAc


Message History

e - 6 rations {!d} (gained 1)
You see here a quarterstaff.
You open the door.
There is an open door here.
There is a fountain of clear blue water here.
As you open the door, it creaks loudly!
There is an open door here.
Found a stone staircase leading down.
A water moccasin comes into view.
A water moccasin is nearby!
A water moccasin is nearby!
A hippogriff comes into view.
The water moccasin hisses angrily.
The hippogriff screeches!
Throwing (i - inventory. (/) - cycle)
o - 619 stones (quivered)
Press: ? - help, Shift-Dir - straight line, f - water moccasin
Aim: a water moccasin You throw a stone.
The stone hits the water moccasin but does no damage.
Attack whom?
Press: ? - help, Dir - move target cursor, f/p - water moccasin
Aim: a water moccasin You reach to attack!
You closely miss the water moccasin.
A worker ant comes into view.
The hippogriff flaps its wings!
You hurl suddenly forward!
The hippogriff completely misses you.
The hippogriff pecks you but does no damage.
The hippogriff closely misses you.
You slash the hippogriff!
The hippogriff is moderately wounded.
The hippogriff bites you. The hippogriff closely misses you. x2
You slash the hippogriff!
The hippogriff is heavily wounded.
The water moccasin bites you.
You are poisoned.
The water moccasin poisons you!
The hippogriff bites you but does no damage.
The hippogriff pecks you but does no damage.
The hippogriff claws you. The water moccasin barely misses you.
You hit the hippogriff.
The hippogriff is severely wounded.
You feel sick. The hippogriff bites you. The hippogriff closely misses you.
The hippogriff claws you.
The worker ant bites you but does no damage.
The water moccasin bites you.
You are too injured to fight recklessly!
You are too injured to fight recklessly!
You are too injured to fight recklessly!
You are too injured to fight recklessly!
You hit the hippogriff.
The hippogriff is severely wounded.
You feel sick. The water moccasin barely misses you. The worker ant bites you.
The hippogriff closely misses you.
The hippogriff pecks you but does no damage.
The hippogriff claws you but does no damage.
The water moccasin bites you.
Unknown command.
You hit the hippogriff.
The hippogriff is severely wounded.
You feel sick. The worker ant bites you.
You are more poisoned.
The worker ant poisons you! The hippogriff bites you!
The hippogriff pecks you but does no damage.
The hippogriff claws you. The water moccasin bites you.
You slice the hippogriff!!
You kill the hippogriff!
Sif Muna accepts your kill.
You feel sick.
The worker ant bites you but does no damage.
The water moccasin bites you.
* * * LOW HITPOINT WARNING * * *
You are lethally poisoned!
The water moccasin poisons you! The worker ant closely misses you.
* * * LOW HITPOINT WARNING * * *
You feel very sick. The worker ant closely misses you.
The water moccasin bites you.
* * * LOW HITPOINT WARNING * * *
You are more poisoned.
The water moccasin poisons you!
You see here a hippogriff corpse.
Wield which item (- for none, * to show all)? (? for menu, Esc to quit)
You hear the crackle of electricity.
c - a +1 dagger of electrocution (weapon)
* * * LOW HITPOINT WARNING * * *
You feel sick.
You hit the worker ant.
The worker ant is lightly wounded.
* * * LOW HITPOINT WARNING * * *
You feel sick. The water moccasin closely misses you.
The worker ant closely misses you.
You miss the water moccasin.
* * * LOW HITPOINT WARNING * * *
You feel very sick.
The water moccasin bites you but does no damage.
The worker ant bites you.
* * * LOW HITPOINT WARNING * * *
The water moccasin bites you but does no damage.
You hit the water moccasin.
Lightning courses through the water moccasin!
The water moccasin is severely wounded.
You die...

..........###
.............###
...............#
................
...................
...................
...................
...>......a@.......
..........S.............##.
...........................
..........................#
##!....................#
##....................##
##....................#
###....................#
#.............>........#


You could see a water moccasin and a worker ant.

Vanquished Creatures
  A troll (D:7)
  A hippogriff (D:7)
  Sigmund (D:3)
  Menkaure (D:4)
  Edmund (D:4)
  An orc warrior (D:6)
  3 sky beasts
  2 ogres
  3 centaurs
  A bullfrog (D:6)
  A scorpion (D:4)
  A howler monkey (D:7)
  A jelly (D:6)
  2 orc priests
  4 hounds
  A bullfrog skeleton (D:4)
  Ijyb (D:3)
  4 orc wizards
  An iguana (D:6)
  6 worker ants
  A hound skeleton (D:4)
  A howler monkey skeleton (D:6)
  7 adders
  13 gnolls
  2 oozes
  An adder zombie (D:5)
  3 adder skeletons
  7 worms
  5 dart slugs
  4 leopard geckos
  12 orcs
  4 bats
  6 giant cockroaches
  9 goblins
  16 hobgoblins
  5 jackals
  9 kobolds
  3 quokkas
  A ball python (D:4)
  4 frilled lizards
  4 rats
154 creatures vanquished.

Vanquished Creatures (others)
  A plant (D:3)
  2 withered plants (D:6)
3 creatures vanquished.

Grand Total: 157 creatures vanquished

Notes
Turn   | Place    | Note
-------+----------+-------------------------------------------
     0 | D:1      | MisterOstroum the Merfolk Wanderer began the quest for the
                  | Orb.
     0 | D:1      | MisterOstroum set off with the following items: a +0 short
                  | sword, a wand of flame (15), a potion of flight, a +0 robe,
                  | a ration {!d}, a +0 dagger
     0 | D:1      | Reached XP level 1. HP: 18/18 MP: 1/1
    67 | D:1      | Reached skill level 1 in Short Blades
    71 | D:1      | Reached XP level 2. HP: 10/24 MP: 2/2
   348 | D:1      | Reached XP level 3. HP: 29/29 MP: 4/4
  1416 | D:1      | Reached XP level 4. HP: 21/35 MP: 4/6
  1643 | D:2      | Found a faded altar of an unknown god.
  1704 | D:2      | Became a worshipper of Sif Muna the Loreminder
  1704 | D:2      | Reached * piety under Sif Muna
  1722 | D:2      | Received a gift from Sif Muna
  1727 | D:2      | Learned a level 2 spell: Blink
  2297 | D:2      | Found a shimmering blue altar of Sif Muna.
  2516 | D:2      | Reached XP level 5. HP: 26/41 MP: 7/7
  2852 | D:3      | Noticed Ijyb
  2860 | D:3      | Killed Ijyb
  3352 | D:2      | Reached skill level 1 in Polearms
  3478 | D:3      | Noticed Sigmund
  3545 | D:3      | Killed Sigmund
  3545 | D:3      | Reached skill level 3 in Polearms
  3545 | D:3      | Reached XP level 6. HP: 48/49 MP: 8/8
  3574 | D:3      | Found a transporter.
  3587 | D:3      | Noticed dscm's ghost (weakling GrGl)
  3675 | D:3      | Identified the +6 spear of MisterOstroum's Terror {chaos,
                  | Int+7}
  3734 | D:3      | Found a transporter.
  3754 | D:3      | Found a shimmering altar of Xom.
  3754 | D:3      | Found a corrupted altar of Lugonu.
  3793 | D:4      | Reached skill level 4 in Polearms
  3834 | D:4      | Reached XP level 7. HP: 52/55 MP: 9/9
  4036 | D:4      | Reached skill level 5 in Polearms
  4140 | D:4      | Noticed Edmund
  4161 | D:4      | Killed Edmund
  4161 | D:4      | Reached skill level 5 in Fighting
  4161 | D:4      | Reached skill level 6 in Polearms
  4507 | D:4      | Reached skill level 5 in Stealth
  4580 | D:4      | Reached skill level 7 in Polearms
  4580 | D:4      | Reached XP level 8. HP: 37/62 MP: 10/10
  4596 | D:4      | Noticed Menkaure
  4675 | D:4      | Reached skill level 8 in Polearms
  5035 | D:5      | Entered Level 5 of the Dungeon
  5184 | D:5      | Found Towk's General Store.
  5268 | D:5      | Bought a scroll of blinking for 90 gold pieces
  5324 | D:5      | Reached skill level 9 in Polearms
  5503 | D:5      | Found a staircase to the Ecumenical Temple.
  5672 | D:5      | Reached skill level 5 in Dodging
  5821 | D:4      | Killed Menkaure
  6050 | D:6      | Reached skill level 10 in Polearms
  6195 | D:6      | Found a runed translucent door.
  6196 | D:6      | Noticed dscm's ghost (novice OpAc)
  6245 | D:6      | Reached XP level 9. HP: 63/69 MP: 10/12
  7248 | D:7      | Reached skill level 11 in Polearms
  7269 | D:7      | Noticed a troll
  7288 | D:7      | Killed a troll
  7656 | D:7      | HP: 3/71 [worker ant (3)]
  7657 | D:7      | Succumbed to a water moccasin's poison

Skill      XL: |  1  2  3  4  5  6  7  8  9 |
---------------+----------------------------+-----
Short Blades   | 1 2 3 |  3.4
Stealth        | 3 4 5 |  5.0
Evocations     | 2 3 4 |  4.9
Polearms       | 3 4 7 10 11 | 11.5
Fighting       | 4 5 6 |  6.6
Dodging        | 5 6 |  6.7
Throwing       | |  1.0
Translocations | |  0.6

Action                   |  1- 3 |  4- 6 |  7- 9 || total
-------------------------+-------+-------+-------++-------
Melee: Dagger            |    12 |    92 |   138 ||   242
       Short sword       |   113 |    97 |       ||   210
       Unarmed           |       |     7 |       ||     7
       Halberd           |       |       |   279 ||   279
       Spear             |       |       |     9 ||     9
 Fire: Hunting sling     |       |     1 |     7 ||     8
Throw: Stone             |       |   116 |    48 ||   164
       Throwing net      |       |     1 |     1 ||     2
Invok: Divine Energy     |       |     1 |       ||     1
Evoke: Wand              |       |     7 |     1 ||     8
  Use: Scroll            |     7 |     4 |     1 ||    12
       Potion            |       |       |     3 ||     3
 Stab: Sleeping          |     7 |     2 |     4 ||    13
       Held in net/web   |       |     1 |       ||     1
  Eat: Chunk             |     4 |    16 |    20 ||    40
       Ration            |       |       |     1 ||     1
Armor: Robe              |     5 |     1 |       ||     6
       Ring mail         |    10 |    38 |   130 ||   178
Dodge: Dodged            |    70 |   109 |   242 ||   421
